 Dungeon Crawl Stone Soup version 0.30-a0-134-gb40fab5c76 (webtiles) character file.

Game seed: 6158614177751484596

8964 IdlyInterested the Trooper (level 11, -11/83 HPs)
             Began as a Demonspawn Wanderer on Sept 19, 2022.
             Mangled by a very large slime creature (48 damage)
             ... on level 9 of the Dungeon.
             The game lasted 00:56:17 (10674 turns).

IdlyInterested the Trooper (Demonspawn Wanderer)   Turns: 10674, Time: 00:56:18

Health: -11/83     AC: 14    Str: 14    XL:     11   Next: 16%
Magic:  18/20      EV: 13    Int: 21    God:
Gold:   268        SH: 12    Dex: 14    Spells: 18/22 levels left

rFire   + + .      SeeInvis .      - Unarmed
rCold   + + .      Faith    .    t - +2 kite shield
rNeg    . . .      Spirit   .    H - +1 steam dragon scales
rPois   +          Reflect  .    J - +0 helmet
rElec   +          Harm     .    N - +1 cloak {rPois}
rCorr   +          Rampage  .    (no gloves)
Will    .....                    m - +0 pair of boots
Stlth   ++........               s - amulet of regeneration
HPRegen 1.03/turn                q - ring of protection from cold
MPRegen 0.17/turn                K - +6 ring of intelligence

@: resistant
A: yellow scales 2, demonic guardian 2, demonic touch 2, fire resistance 1,
MP-powered wands
a: no special abilities


You were on level 9 of the Dungeon.
You visited 2 branches of the dungeon, and saw 10 of its levels.

You collected 686 gold pieces.
You spent 418 gold pieces at shops.

Inventory:

Hand Weapons
 a - a +0 morningstar
 f - a +1 dagger of draining
 g - a +0 short sword
 l - a +2 whip of flaming
 F - a +3 trident
 O - a +2 whip of freezing
Missiles
 i - 9 boomerangs
 k - 25 poisoned darts
 o - 3 curare-tipped darts
Armour
 b - a +0 buckler
 m - a +0 pair of boots (worn)
 t - a +2 kite shield (worn)
 w - a +2 chain mail of fire resistance
 B - a +0 troll leather armour
 H - +1 steam dragon scales (worn)
 J - a +0 helmet (worn)
 N - a +1 cloak of poison resistance (worn)
Jewellery
 h - a ring of flight
 j - an amulet of faith
 n - a ring of protection from fire
 q - a ring of protection from cold (left hand)
 s - an amulet of regeneration (around neck)
 C - an amulet of reflection
 K - a +6 ring of intelligence (right hand)
Wands
 c - a wand of digging (3)
 u - a wand of paralysis (8)
 v - a wand of polymorph (12)
 E - a wand of roots (1)
 M - a wand of quicksilver (6)
Scrolls
 d - 2 scrolls of amnesia
 e - 5 scrolls of teleportation
 y - a scroll of fear
 A - 5 scrolls of identify
 D - 3 scrolls of fog
 G - a scroll of blinking {unknown}
 I - a scroll of immolation
 L - a scroll of vulnerability {unknown}
Potions
 p - 2 potions of magic
 r - 2 potions of mutation
 z - a potion of flight


   Skills:
 + Level 6.6 Fighting
 - Level 3.0 Throwing
 - Level 3.0 Armour
 - Level 6.0 Dodging
 + Level 3.2 Stealth
 - Level 6.0 Shields
 * Level 6.2 Unarmed Combat
 - Level 6.0 Spellcasting
 - Level 5.0 Conjurations
 + Level 2.9 Hexes
 - Level 5.0 Fire Magic
 - Level 3.0 Evocations


You had 18 spell levels left.
You knew the following spells:

 Your Spells              Type           Power      Damage    Failure   Level
a - Foxfire               Conj/Fire      100%       2x1d9     3%          1
b - Tukima's Dance        Hex            18%        N/A       24%         3

Your spell library contained the following spells:

 Spells                   Type           Power      Damage    Failure   Level
 Magic Dart               Conj           100%       1d8       3%          1
 Inner Flame              Hex/Fire       23%        N/A       16%         3
 Apportation              Tloc           12%        N/A       26%         1
 Beastly Appendage        Tmut           12%        N/A       26%         1
 Necrotise                Necr           24%        1d5       26%         1
 Summon Small Mammal      Summ           24%        N/A       26%         1
 Call Imp                 Summ           6%         N/A       36%         2
 Wereblood                Tmut           6%         N/A       36%         2
 Ignite Poison            Fire/Tmut/Pois 13%        N/A       38%         3
 Kindle Blastsparks       Fire/Tloc/Air  26%        2d12      38%         3
 Mephitic Cloud           Conj/Pois/Air  13%        N/A       38%         3
 Portal Projectile        Hex/Tloc       24%        N/A       41%         3
 Fulminant Prism          Conj/Hex       11%        3d9       45%         4
 Call Canine Familiar     Summ           6%         N/A       61%         3
 Spider Form              Tmut/Pois      6%         N/A       61%         3
 Cause Fear               Hex            9%         N/A       61%         4
 Iskenderun's Mystic Bla  Conj/Tloc      16%        2d5       67%         4
 Leda's Liquefaction      Hex/Erth       6%         N/A       82%         4
 Passage of Golubria      Tloc           6%         N/A       95%         4
 Freezing Cloud           Conj/Ice/Air   6%         6-21      98%         5
 Yara's Violent Unravell  Hex/Tmut       6%         3d5       99%         5
 Lee's Rapid Deconstruct  Erth           3%         3d6*      100%        5
 Discord                  Hex            9%         N/A       100%        8


Dungeon Overview and Level Annotations

Branches:
Dungeon (9/15)             Temple (1/1) D:7
   Lair: D:8-11         Orc: D:9-12

Altars:
Ashenzari
Cheibriados
Dithmenos
Fedhas
Gozag
Hepliaklqana
Kikubaaqudgha
Makhleb
Nemelex Xobeh
Okawaru
Qazlal
Ru
Sif Muna
Trog
Uskayaw
Vehumet
Wu Jian
Xom
Yredelemnul
Jiyva

Shops:
D:4 *   D:5 [

Annotations:
D:9 CougarLife's ghost, journeyman TrFi


Innate Abilities, Weirdness & Mutations

You are mostly covered in yellow scales. (AC +3)
A demonic guardian rushes to your aid.
Your touch may inflict irresistible damage on your foes.
Your flesh is heat resistant. (rF+)
You expend magic power (3 MP) to strengthen your wands.


Message History

The helpless very large slime creature fails to defend itself.
You punch the very large slime creature!
The very large slime creature is moderately wounded.
You block the jelly's attack.
The helpless very large slime creature fails to defend itself.
You punch the very large slime creature!
The very large slime creature is heavily wounded.
The jelly hits you but does no damage.
The helpless very large slime creature fails to defend itself.
You punch the very large slime creature!
The very large slime creature is heavily wounded.
You block the jelly's attack.
The helpless very large slime creature fails to defend itself.
You punch the very large slime creature!
The very large slime creature is heavily wounded.
The very large slime creature is no longer paralysed.
You block the jelly's attack.
The very large slime creature hits you!!!
Ouch! That really hurt!
A demonic guardian appears!
The very large slime creature attacks as you move away!
You block the very large slime creature's attack.
Your rust devil hits the very large slime creature!
Your rust devil corrodes the very large slime creature!
You hit the very large slime creature.
The very large slime creature is severely wounded.
You block the very large slime creature's attack.
Your rust devil hits the very large slime creature!
The very large slime creature seems to be corroded for longer.
You hit the very large slime creature.
The very large slime creature is severely wounded.
You block the very large slime creature's attack.
Your rust devil hits the very large slime creature.
The very large slime creature seems to be corroded for longer.
You strike the helpless very large slime creature from behind!
You punch the very large slime creature!
The very large slime creature is severely wounded.
The very large slime creature hits you!!!
Ouch! That really hurt!
You die...

.......###.......#.......#.###...
......## #.......#....#.>...#....
.....## #.....##....#..#.....#.
.....## ####'''##.....#..#.....##
......# #.........##......##.####
......###..........#.......#.## #
..............###..####....>..###
............JJ###.###..........##
........####J.#J@...#.....#....#
...#.._###...JW#4....#...##.####
...#...###...####...###.#####
.###....###.## ##### ### ##
##..## ### ####


You could see a very large slime creature (corroded, ally target), a jelly,
CougarLife's ghost and a friendly rust devil (summoned).

Vanquished Creatures
  Pikel (D:9)
  Maurice (D:8)
  Psyche (D:8)
  A troll (D:9)
  A hornet (D:7)
  2 wraiths
  A wyvern (D:8)
  2 yaks (D:8)
  A steam dragon (D:8)
  Menkaure (D:4)
  2 ice beasts (D:7)
  A black bear (D:5)
  3 ogres
  2 boggarts (D:9)
  2 centaurs
  A lemure (D:9)
  2 kobold brigands
  2 phantoms (D:5)
  5 bullfrogs
  2 necrophages
  3 scorpions (D:6)
  5 wights (D:9)
  17 killer bees
  5 howler monkeys
  2 jellies
  2 orc priests
  3 hounds
  3 gnoll boudas
  2 iguanas
  12 orc wizards
  11 gnolls
  12 adders
  4 river rats (D:5)
  2 shadow imps (D:8)
  3 white imps
  2 worms (D:3)
  26 orcs
  6 ball pythons
  14 endoplasms
  2 giant cockroaches
  6 goblins
  4 hobgoblins
  4 jackals
  13 kobolds
  7 quokkas
  2 bats (D:1)
  A frilled lizard (D:2)
  21 rats
228 creatures vanquished.

Vanquished Creatures (collateral kills)
  The ghost of SigmundSlayer the Trooper, a novice DsFi of Fedhas (D:7)
  A hornet (D:8)
  2 yaks (D:8)
  A wyvern (D:9)
  A steam dragon (D:7)
  A water moccasin (D:7)
  3 orc warriors
  A boggart (D:9)
  A centaur (D:6)
  A necrophage (D:8)
  A scorpion (D:5)
  6 killer bees
  An orc priest (D:7)
  2 iguanas (D:5)
  4 orc wizards
  5 gnolls
  2 river rats (D:5)
  An adder (D:5)
  A shadow imp (D:5)
  A white imp (D:5)
  10 orcs
  2 quokkas (D:5)
  3 kobolds (D:9)
  5 rats (D:5)
  2 foxfires (D:1)
59 creatures vanquished.

Vanquished Creatures (others)
  An orc (D:5)
  52 foxfires
  3 plants (D:1)
56 creatures vanquished.

Grand Total: 343 creatures vanquished

Notes
Turn   | Place    | Note
-------+----------+-------------------------------------------
     0 | D:1      | IdlyInterested the Demonspawn Wanderer began the quest for
                  | the Orb.
     0 | D:1      | IdlyInterested set off with the following items: a +0
                  | dagger, a +0 buckler, a potion of haste, a +2 leather
                  | armour; and the following spell memorised: Foxfire; and the
                  | following spells available to memorise: Ignite Poison.
     0 | D:1      | Reached XP level 1. HP: 13/13 MP: 2/2
    68 | D:1      | Found a faded altar of an unknown god.
   265 | D:1      | Reached skill level 1 in Fighting
   274 | D:1      | Gained mutation: You are partially covered in yellow
                  | scales. (AC +2) [demonic ancestry]
   274 | D:1      | Reached XP level 2. HP: 9/21 MP: 1/3
   869 | D:1      | Reached skill level 1 in Conjurations
  1506 | D:1      | Gained mutation: A weak demonic guardian rushes to your
                  | aid. [demonic ancestry]
  1506 | D:1      | Reached XP level 3. HP: 24/27 MP: 4/4
  2414 | D:2      | Gained mutation: You are mostly covered in yellow scales.
                  | (AC +3) [demonic ancestry]
  2414 | D:2      | Reached XP level 4. HP: 31/33 MP: 4/6
  3310 | D:3      | Reached skill level 5 in Dodging
  3527 | D:3      | Found a shimmering altar of Xom.
  3940 | D:4      | Reached XP level 5. HP: 38/39 MP: 8/8
  4142 | D:4      | Reached skill level 1 in Throwing
  4202 | D:4      | Reached skill level 1 in Evocations
  4202 | D:4      | Reached XP level 6. HP: 35/47 MP: 8/10
  4510 | D:4      | Noticed Menkaure
  4519 | D:4      | Killed Menkaure
  4520 | D:4      | Reached skill level 1 in Stealth
  4531 | D:4      | Gained mutation: A demonic guardian rushes to your aid.
                  | [demonic ancestry]
  4531 | D:4      | Reached XP level 7. HP: 28/54 MP: 11/11
  4605 | D:4      | Found Hiadgh's Assorted Antiques.
  4792 | D:5      | Entered Level 5 of the Dungeon
  4940 | D:5      | Found Juurcho's Antique Armour Shoppe.
  5216 | D:4      | Bought a scroll labelled JAP KISKEI for 27 gold pieces
  5216 | D:4      | Bought a long silver wand for 108 gold pieces
  5216 | D:4      | Bought a potion of curing for 81 gold pieces
  5231 | D:5      | Found a shadowy altar of Dithmenos.
  5340 | D:5      | You fall into a shaft and drop 2 floors!
  5408 | D:7      | Gained mutation: Your touch may inflict minor irresistible
                  | damage on your foes. [demonic ancestry]
  5408 | D:7      | Reached XP level 8. HP: 49/61 MP: 14/14
  5465 | D:7      | Reached skill level 5 in Fighting
  5480 | D:7      | Reached skill level 1 in Unarmed Combat
  5778 | D:7      | Found a sacrificial altar of Ru.
  6083 | D:6      | Reached XP level 9. HP: 60/68 MP: 16/16
  6142 | D:6      | Reached skill level 5 in Spellcasting
  6231 | D:6      | Found a hide-covered altar of Uskayaw.
  6231 | D:6      | Noticed a +0 dagger
  6231 | D:6      | Noticed a +0 hand axe
  6979 | D:5      | Found a hazy altar of Hepliaklqana.
  7457 | D:7      | Paralysed by a hornet for 1 turns
  7459 | D:7      | Paralysed by a hornet for 3 turns
  7566 | D:7      | Found a staircase to the Ecumenical Temple.
  7580 | Temple   | Entered the Ecumenical Temple
  7824 | D:7      | Found a runed translucent door.
  7828 | D:7      | Noticed SigmundSlayer's ghost (novice DsFi)
  8013 | D:4      | Bought a runed chain mail for 202 gold pieces
  8269 | D:7      | Killed SigmundSlayer's ghost
  8270 | D:7      | Reached skill level 5 in Conjurations
  8383 | D:8      | Reached skill level 5 in Unarmed Combat
  8383 | D:8      | Gained mutation: Your touch may inflict irresistible damage
                  | on your foes. [demonic ancestry]
  8383 | D:8      | Reached XP level 10. HP: 76/76 MP: 17/17
  8460 | D:8      | Found an opulent altar of Gozag.
  8560 | D:8      | Paralysed by a hornet for 3 turns
  8635 | D:8      | Gained mutation: You expend magic power (3 MP) to
                  | strengthen your wands. [potion of mutation]
  8635 | D:8      | Gained mutation: Your flesh is heat resistant. (rF+)
                  | [potion of mutation]
  8805 | D:8      | Reached skill level 5 in Shields
  8966 | D:8      | Noticed Psyche
  8980 | D:8      | Killed Psyche
  8986 | D:8      | Noticed Maurice
  9011 | D:8      | Paralysed by Maurice for 3 turns
  9018 | D:8      | Killed Maurice
  9019 | D:8      | Reached skill level 5 in Fire Magic
  9023 | D:8      | Learned a level 3 spell: Tukima's Dance
  9657 | D:9      | Reached skill level 1 in Hexes
 10000 | D:9      | Reached XP level 11. HP: 67/78 MP: 20/20
 10371 | D:9      | Noticed Pikel
 10416 | D:9      | Killed Pikel
 10425 | D:9      | Found a bloodstained altar of Trog.
 10499 | D:9      | Found a radiant altar of Vehumet.
 10505 | D:9      | Found a runed translucent gate.
 10508 | D:9      | Found a runed translucent gate.
 10509 | D:9      | Found a runed translucent gate.
 10510 | D:9      | Noticed CougarLife's ghost (journeyman TrFi)
 10564 | D:9      | Found a stormy altar of Qazlal.
 10644 | D:9      | Found a viscous altar of Jiyva.
 10674 | D:9      | Mangled by a very large slime creature

Illustrated notes

Levels and vault maps discovered:
D:1:      evilmike_arrival_hilbert_curve, layout_loops_ring,
          shapermc_ecumenical_altar_mp_ritualfount, minivault_23
D:2:      minmay_angry_zag, layout_loops_ring, minmay_misc_feat_ornament,
          minmay_pentomino_z2
D:3:      layout_loops_ring, gammafunk_temple_overflow_statue, minmay_liquid_box
D:4:      layout_cave_pools, nicolae_take_the_stairs, minmay_misc_feat_tower,
          due_unseen_surprise, uniq_menkaure
D:5:      lemuel_ratsnest, layout_loops_ring, nicolae_hepliaklqana_hippocampus,
          grunt_dithmenos_smoke, serial_shops, shop, minivault_11, minivault_25,
          minmay_misc_feat_five, minmay_misc_feat_cross
D:6:      layout_gridville, dancing_weapons_uskayaw, amcnicky_altar_gilded,
          minmay_misc_feat_pillars, lemuel_flamethrower_2
D:7:      layout_cave_pools, nicolae_ru_path_of_blood,
          minmay_temple_entry_proselytizer, ebering_ghost_reflecting_pool,
          minmay_a_box_with_orc_wizards_in_it
D:8:      layout_gridville, nicolae_gozag_cash_rules_everything_around_me,
          uniq_psyche, uniq_maurice
D:9:      layout_cave_pools, nicolae_qazlal_eye_of_the_storm,
          overflow_temple_1_default, tgw_trog, gammafunk_ghost_ooze,
          minivault_19, grunt_potential, uniq_pikel
Temple:   hellmonk_temple_of_storms

Skill      XL: |  1  2  3  4  5  6  7  8  9 10 11 |
---------------+----------------------------------+-----
Fighting       | 1 2 3 4 5 6 |  6.6
Armour         | 2 3 |  3.0
Conjurations   | 1 2 3 4 5 |  5.0
Dodging        | 5 6 |  6.0
Spellcasting   | 2 3 4 5 6 |  6.0
Throwing       | 1 2 3 |  3.0
Evocations     | 1 3 |  3.0
Fire Magic     | 2 3 4 5 |  5.0
Stealth        | 1 3 |  3.2
Unarmed Combat | 3 5 6 |  6.2
Shields        | 2 4 5 6 |  6.0
Hexes          | 2 |  2.9

Action                   |  1- 3 |  4- 6 |  7- 9 | 10-12 || total
-------------------------+-------+-------+-------+-------++-------
Melee: Dagger            |    10 |       |       |       ||    10
       Short sword       |    61 |       |       |       ||    61
       Whip              |    40 |   225 |   177 |       ||   442
       Unarmed           |       |    13 |   652 |   669 ||  1334
Throw: Dart              |       |     2 |     3 |     1 ||     6
 Cast: Foxfire           |    16 |       |    11 |     4 ||    31
       Tukima's Dance    |       |       |       |     2 ||     2
Evoke: Wand              |       |       |     3 |     9 ||    12
  Use: Scroll            |     1 |     5 |    10 |     3 ||    19
       Potion            |       |     4 |     4 |     9 ||    17
 Stab: Distracted        |       |     3 |     3 |     1 ||     7
       Sleeping          |       |       |     1 |       ||     1
       Paralysed         |       |       |       |    16 ||    16
Armor: Leather armour    |    48 |    73 |   117 |       ||   238
       Steam dragon scal |       |       |   213 |   232 ||   445
Dodge: Dodged            |    83 |   122 |   375 |   449 ||  1029
Block: Buckler           |    22 |     2 |       |       ||    24
       Kite shield       |       |   104 |   413 |   529 ||  1046

Table legend: (Time is in decaauts)
 A = Elapsed time spent in this place.
 B = Non-inter-level travel time spent in this place.
 C = Inter-level travel time spent in this place.
 D = Time resting spent in this place.
 E = Time spent auto-exploring this place.
 F = Levels seen in this place.
 G = Mean time per level.
                   A        B        C        D        E       F      G
               +--------+--------+--------+--------+--------+-----+--------+
         Total |  10922 |   9702 |   1220 |   1396 |   4064 |  10 | 1092.2 |
       Dungeon |  10881 |   9661 |   1220 |   1396 |   4040 |   9 | 1209.0 |
        Temple |     40 |     40 |      0 |      0 |     24 |   1 |   40.0 |
               +--------+--------+--------+--------+--------+-----+--------+

Top non-repeatable levels by time:
     D:1: 1994 daAuts
     D:5: 1347 daAuts
     D:7: 1284 daAuts
     D:9: 1209 daAuts
     D:2: 1189 daAuts
     D:8: 1181 daAuts
     D:3: 933 daAuts
     D:4: 903 daAuts
     D:6: 835 daAuts
  Temple: 40 daAuts
